 Dungeon Crawl Stone Soup version 0.30.1-11-g7821555f0a (webtiles) character file.

Game seed: 15943926623664456231

13827 ChrisAssaf the Conjurer (level 11, -17/86 HPs)
             Began as a Green Draconian Conjurer on Dec 12, 2023.
             Was an Elder of Makhleb.
             Killed from afar by a ynoxinul (26 damage)
             ... with an iron shot
             ... in a Gauntlet.
             The game lasted 00:45:10 (11106 turns).

ChrisAssaf the Conjurer (Green Draconian Conjurer) Turns: 11106, Time: 00:45:10

Health: -17/86     AC: -19   Str: 11    XL:     11   Next: 80%
Magic:  19/19      EV: 13    Int: 22    God:    Makhleb [****..]
Gold:   414        SH:  0    Dex:  9    Spells: 1/21 levels left

rFire   + . .        n - +10 flail of Exquisite Death {venom, rF+ rN+++}
rCold   . . .        (no shield)
rNeg    + + +        (body armour unavailable)
rPois   +            (helmet restricted)
rElec   .            (no cloak)
rCorr   .            v - +1 pair of gloves
SInv    .            (no boots)
Will    .....        j - amulet of magic regeneration
Stlth   +++          (no ring)
HPRegen 0.34/turn    (no ring)
MPRegen 0.56/turn

%: no teleportation
@: short of breath, corroded
A: breathe noxious fumes, AC +7, unfitting armour, poison resistance,
cold-blooded
a: Breathe Noxious Fumes, Renounce Religion, Minor Destruction, Lesser Servant
of Makhleb, Major Destruction


You were in a Gauntlet.
You worshipped Makhleb.
Makhleb was greatly pleased with you.
You visited 2 branches of the dungeon, and saw 11 of its levels.
You also visited: Gauntlet.

You collected 414 gold pieces.

Inventory:

Hand Weapons
 n - the +10 flail of Exquisite Death (weapon) {venom, rF+ rN+++}
   (You found it on level 6 of the Dungeon)

   rF:        It protects you from fire.
   rN:        It renders you almost immune to negative energy.
 s - a +2 dagger of venom
Missiles
 f - 2 throwing nets (quivered)
 i - 22 poisoned darts
 w - a curare-tipped dart
 x - 6 boomerangs of dispersal
Armour
 v - a +1 pair of gloves (worn)
Jewellery
 a - an amulet of faith
 j - an amulet of magic regeneration (around neck)
Wands
 e - a wand of paralysis (4)
 u - a wand of polymorph (2)
Scrolls
 g - a scroll of vulnerability
 o - a scroll of butterflies {unknown}
 q - 3 scrolls of magic mapping
 z - a scroll of amnesia {unknown}
 A - a scroll of torment {unknown}
 B - a scroll of enchant weapon
Potions
 b - 2 potions of heal wounds
 c - a potion of lignification
 d - 3 potions of resistance {unknown}
 h - 3 potions of attraction
 k - 4 potions of curing
 l - 3 potions of invisibility {unknown}
 m - a potion of ambrosia {unknown}
 p - 2 potions of flight {unknown}
 t - 2 potions of might {unknown}


   Skills:
 * Level 5.1 Fighting
 - Level 2.1 Short Blades
 * Level 4.6 Maces & Flails
 * Level 3.8 Throwing
 * Level 4.9 Dodging
 * Level 5.1 Stealth
 + Level 0.9 Unarmed Combat
 * Level 5.8 Spellcasting
 * Level 7.2 Conjurations
 * Level 4.2 Hexes
 * Level 4.0 Necromancy
 * Level 4.5 Transmutations
 * Level 4.2 Fire Magic
 * Level 3.1 Ice Magic
 * Level 4.0 Air Magic
 * Level 5.3 Poison Magic
 * Level 5.0 Invocations
 * Level 4.1 Evocations


You had one spell level left.
You knew the following spells:

 Your Spells              Type           Power      Damage    Failure   Level
a - Magic Dart            Conj           100%       1d8       1%          1
b - Searing Ray           Conj           76%        2d7       1%          2
c - Dazzling Flash        Conj/Hex       62%        N/A       2%          3
d - Ignite Poison         Fire/Tmut/Pois 26%        N/A       4%          3
e - Cigotuvi's Dreadful   Necr/Pois/Air  52%        N/A       2%          2
f - Freezing Cloud        Conj/Ice/Air   13%        6-21      34%         5
g - Dispel Undead         Necr           24%        3d12      17%         4

Your spell library contained the following spells:

 Spells                   Type           Power      Damage    Failure   Level
 Fulminant Prism          Conj/Hex       15%        3d10      9%          4
 Iskenderun's Mystic Bla  Conj/Tloc      22%        2d6       22%         4
 Death Channel            Necr           12%        N/A       95%         6


Dungeon Overview and Level Annotations

Branches:
Dungeon (8/15)             Temple (0/1) D:4            Lair (3/5) D:8
  Swamp (0/4) Lair:3      Gauntlet (1/1)
  Snake: Lair:2-3    Spider: Lair:2-3

Altars:
Fedhas
Hepliaklqana
Kikubaaqudgha
Makhleb
Nemelex Xobeh
Okawaru
Ru
Uskayaw
Wu Jian

Annotations:
Gauntlet 16 transporters, 21 runed translucent doors


Innate Abilities, Weirdness & Mutations

You can breathe blasts of noxious fumes.
Your lurid green scales are hard. (AC +7)
You cannot fit into any form of body armour.
Your system is resistant to poisons. (rPois)
You are cold-blooded and may be slowed by cold attacks.


Message History

The rust devil corrodes you! The ufetubus barely misses you.
The ufetubus hits you.
* * * LOW HITPOINT WARNING * * *
Unknown command.
You feel much better. The ufetubus barely misses you. The ufetubus hits you. x2
The ufetubus closely misses you.
The ynoxinul gestures.
The rust devil hits you!
* * * LOW HITPOINT WARNING * * *
The rust devil corrodes you!
Unknown command.
You completely miss the rust devil.
The rust devil is almost dead.
You kill the rust devil!
Makhleb accepts your kill.
You feel better. The ufetubus barely misses you. The ufetubus hits you.
* * * LOW HITPOINT WARNING * * *
The ufetubus barely misses you. The ufetubus misses you.
The ufetubus closely misses you. The ufetubus hits you.
* * * LOW HITPOINT WARNING * * *
The ufetubus hits you.
* * * LOW HITPOINT WARNING * * *
The ufetubus hits you.
* * * LOW HITPOINT WARNING * * *
Your Invocations skill increases to level 5!
Press: ? - help, v - describe, . - travel, g - get item
Here: a ynoxinul Item here: a +1 helmet of intelligence.
The floor.
Aiming: Breathe Noxious Fumes (3% risk of failure)
Press: ? - help, Shift-Dir - straight line You exhale a blast of noxious fumes.
The blast of choking fumes misses the ynoxinul.
The blast of choking fumes misses the iron imp.
The ufetubus barely misses you. The ufetubus closely misses you.
The ufetubus misses you. The ufetubus hits you.
* * * LOW HITPOINT WARNING * * *
The ynoxinul gestures at you. The iron shot hits you!!
You die...

..######wY.##.#......343#.#3^.≈≈.
..#.#..##.#.#.#..##.##..#.#5≈≈..≈
..##...#Y##w#.#.##...##.#.#≈^^≈..
###.###©.#Y##.#.#.....#.#.#≈.≈.≈≈
#©#©.####.###.#....©3...#.#.≈≈^©≈
#.#?####.#.Y#.#5#...55#.#.#....≈≈
#.#?##.# #.##.#.##...## #.# ≈5.
#.#Y.... .#Y#.#55##5##..#.# ^≈≈
#.#Y.#. #.Y#.#.@35☼☼○§.#.# .≈.
#.##### ################## ##
#.#≈≈8§ ©.........©....... ≈
#.#### ################## #
.©.... ....©#≈≈≈≈8≈≈≈≈#©. .
###### ################## #
...x.. .....xxXX#.###.##. #
....#. .#....x#.#.## .# # ...## #


You could see 4 elephants, a torpor snail, 2 thrashing horrors, a ynoxinul, 3
small abominations, 2 iron imps and 3 ufetubi.

Vanquished Creatures
  Erica (D:8)
  2 two-headed ogres (D:8)
  Pikel (D:5)
  A cyclops (D:6)
  5 elephants (Lair:2)
  A rust devil (Gauntlet)
  A cane toad (Lair:1)
  A rime drake (Lair:3)
  3 komodo dragons
  A wyvern (D:5)
  20 yaks
  A fire bat (Lair:2)
  A steam dragon (D:8)
  Edmund (D:6)
  4 nagas (Lair:2)
  4 water moccasins
  An orc warrior (D:8)
  5 black bears
  2 centaurs
  An ogre (D:5)
  A kobold brigand (D:8)
  9 bullfrogs
  3 scorpions
  4 wights (D:8)
  An electric eel (D:7)
  4 howler monkeys
  4 jellies
  3 orc priests
  3 hounds
  A gnoll bouda (D:7)
  An iron imp (Gauntlet)
  3 sleepcaps
  Jessica (D:3)
  4 iguanas (D:5)
  9 orc wizards
  Robin (D:4)
  10 gnolls
  6 adders
  A shadow imp (D:7)
  2 white imps
  An ufetubus (D:6)
  3 dart slugs
  14 orcs
  9 endoplasms
  2 giant cockroaches
  14 goblins
  8 hobgoblins
  6 jackals (D:1)
  4 ball pythons
  7 bats
  6 frilled lizards
  10 kobolds
  9 rats
221 creatures vanquished.

Vanquished Creatures (collateral kills)
  5 yaks
  An iron imp (Gauntlet)
6 creatures vanquished.

Grand Total: 227 creatures vanquished

Notes
Turn   | Place    | Note
-------+----------+-------------------------------------------
     0 | D:1      | ChrisAssaf the Draconian Conjurer began the quest for the
                  | Orb.
     0 | D:1      | Reached XP level 1. HP: 14/14 MP: 3/3
   411 | D:1      | Reached XP level 2. HP: 20/20 MP: 3/5
   424 | D:1      | Learned a level 2 spell: Searing Ray
   866 | D:2      | Found a burning altar of Makhleb.
   899 | D:2      | Reached XP level 3. HP: 23/26 MP: 1/6
   961 | D:2      | Learned a level 3 spell: Dazzling Flash
   986 | D:2      | Became a worshipper of Makhleb the Destroyer
  1109 | D:3      | Reached skill level 5 in Conjurations
  1152 | D:3      | Reached XP level 4. HP: 17/33 MP: 2/7
  1365 | D:3      | Found a burning altar of Makhleb.
  1597 | D:3      | Noticed Jessica
  1601 | D:3      | Killed Jessica
  1753 | D:3      | Reached * piety under Makhleb
  2798 | D:1      | Reached skill level 1 in Hexes
  3035 | D:1      | Reached XP level 5. HP: 39/39 MP: 3/8
  3653 | D:4      | Found a staircase to the Ecumenical Temple.
  3664 | D:4      | Reached skill level 1 in Fighting
  3676 | D:4      | Reached ** piety under Makhleb
  3815 | D:4      | Reached skill level 1 in Invocations
  3946 | D:4      | Learned a level 3 spell: Ignite Poison
  4252 | D:4      | Reached XP level 6. HP: 39/47 MP: 7/10
  4275 | D:4      | Identified the +1 helmet of Vehumet {rCorr Int+3}
  4620 | D:4      | Noticed Robin
  4626 | D:4      | Killed Robin
  4807 | D:4      | Found a sacrificial altar of Ru.
  4851 | D:5      | Entered Level 5 of the Dungeon
  5008 | D:5      | Learned a level 2 spell: Cigotuvi's Dreadful Rot
  5095 | D:5      | Your scales start taking on a lurid green colour.
  5095 | D:5      | Reached skill level 1 in Poison Magic
  5095 | D:5      | Reached XP level 7. HP: 55/55 MP: 8/11
  5095 | D:5      | Gained mutation: Your system is resistant to poisons.
                  | (rPois) [Green Draconian growth]
  5103 | D:5      | Found an iron altar of Okawaru.
  5292 | D:5      | Found a blossoming altar of Fedhas.
  5345 | D:5      | Noticed a wyvern
  5354 | D:5      | Killed a wyvern
  5355 | D:5      | Reached skill level 1 in Throwing
  5431 | D:5      | Reached skill level 1 in Transmutations
  5531 | D:5      | Reached skill level 1 in Fire Magic
  5581 | D:5      | Reached skill level 1 in Air Magic
  5581 | D:5      | Reached skill level 1 in Evocations
  5686 | D:5      | Noticed Pikel
  5693 | D:5      | Killed Pikel
  5694 | D:5      | Reached skill level 1 in Short Blades
  5694 | D:5      | Reached skill level 6 in Conjurations
  5694 | D:5      | Reached skill level 1 in Necromancy
  5694 | D:5      | Reached XP level 8. HP: 62/62 MP: 5/14
  6164 | D:6      | Reached XP level 9. HP: 65/70 MP: 11/15
  6218 | D:6      | Learned a level 5 spell: Freezing Cloud
  6498 | D:6      | Identified the +10 flail of Exquisite Death {venom, rF+
                  | rN+++}
  6516 | D:6      | Noticed Edmund
  6527 | D:6      | Killed Edmund
  6680 | D:6      | Found a sparkling altar of Nemelex Xobeh.
  6798 | D:6      | Noticed a cyclops
  6813 | D:6      | Killed a cyclops
  7116 | D:7      | Reached *** piety under Makhleb
  7295 | D:7      | Found an ancient bone altar of Kikubaaqudgha.
  7310 | D:7      | Found an ornate altar of the Wu Jian Council.
  7318 | D:7      | Reached skill level 1 in Maces & Flails
  7587 | D:7      | Reached skill level 1 in Ice Magic
  8138 | D:7      | Reached skill level 5 in Spellcasting
  8573 | D:8      | Noticed a two-headed ogre
  8581 | D:8      | Killed a two-headed ogre
  8582 | D:8      | Reached XP level 10. HP: 78/78 MP: 12/17
  8872 | D:8      | Found a hazy altar of Hepliaklqana.
  8897 | D:8      | Found a staircase to the Lair.
  9500 | D:8      | Found a hide-covered altar of Uskayaw.
  9500 | D:8      | Noticed a two-headed ogre
  9506 | D:8      | Killed a two-headed ogre
  9507 | D:8      | Noticed a +0 dagger
  9507 | D:8      | Noticed a +0 dagger
  9529 | D:8      | Reached **** piety under Makhleb
  9675 | D:8      | Noticed Erica
  9685 | D:8      | Killed Erica
  9686 | D:8      | Reached XP level 11. HP: 85/85 MP: 19/19
  9693 | D:8      | Learned a level 4 spell: Dispel Undead
 10119 | Lair:1   | Entered Level 1 of the Lair of Beasts
 10468 | Lair:2   | Reached skill level 7 in Conjurations
 10651 | Lair:2   | Reached skill level 5 in Stealth
 10651 | Lair:2   | Reached skill level 5 in Poison Magic
 10656 | Lair:2   | Reached skill level 5 in Fighting
 10688 | Lair:2   | You fall into a shaft and drop 1 floor!
 10725 | Lair:3   | Noticed a death yak
 10730 | Lair:3   | Noticed a death yak
 10732 | Lair:3   | Noticed a death yak
 10736 | Lair:3   | Found a gate leading to a gauntlet.
 10744 | Gauntlet | Entered a Gauntlet
 10744 | Gauntlet | Found a transporter.
 10877 | Gauntlet | Found a transporter.
 10896 | Gauntlet | Found a transporter.
 10899 | Gauntlet | Noticed an entropy weaver
 10903 | Gauntlet | Found a transporter.
 10921 | Gauntlet | Found a transporter.
 10941 | Gauntlet | Found a transporter.
 10947 | Gauntlet | Noticed a large abomination
 10951 | Gauntlet | Noticed a thrashing horror
 10953 | Gauntlet | Found a transporter.
 10953 | Gauntlet | Noticed a large abomination
 10955 | Gauntlet | Noticed a thrashing horror
 10965 | Gauntlet | Found a transporter.
 10976 | Gauntlet | Noticed a cacodemon
 10977 | Gauntlet | Found a transporter.
 10985 | Gauntlet | Found a large runed translucent door.
 10986 | Gauntlet | Found a large runed translucent door.
 10987 | Gauntlet | Found a large runed translucent door.
 10987 | Gauntlet | Found a large runed translucent door.
 10988 | Gauntlet | Found a runed translucent gate.
 10989 | Gauntlet | Found a transporter.
 10989 | Gauntlet | Found a runed translucent gate.
 10989 | Gauntlet | Noticed a wizard
 10990 | Gauntlet | Found a runed translucent gate.
 10990 | Gauntlet | Noticed a wizard
 10991 | Gauntlet | Found a large runed translucent door.
 10991 | Gauntlet | Found a large runed translucent door.
 10992 | Gauntlet | Found a large runed translucent door.
 10993 | Gauntlet | Found a large runed translucent door.
 11003 | Gauntlet | Found a large runed translucent door.
 11003 | Gauntlet | Found a large runed translucent door.
 11003 | Gauntlet | Found a runed translucent door.
 11003 | Gauntlet | Found a runed translucent door.
 11004 | Gauntlet | Found a large runed translucent door.
 11005 | Gauntlet | Found a large runed translucent door.
 11007 | Gauntlet | Found a transporter.
 11015 | Gauntlet | Found a large runed translucent door.
 11015 | Gauntlet | Found a large runed translucent door.
 11017 | Gauntlet | Found a large runed translucent door.
 11018 | Gauntlet | Found a large runed translucent door.
 11027 | Gauntlet | Found a transporter.
 11029 | Gauntlet | Found a transporter.
 11049 | Gauntlet | Noticed a soul eater
 11065 | Gauntlet | Found a transporter.
 11070 | Gauntlet | Found a transporter.
 11070 | Gauntlet | Found a transporter.
 11084 | Gauntlet | Found a transporter.
 11106 | Gauntlet | Reached skill level 5 in Invocations
 11106 | Gauntlet | Killed from afar by a ynoxinul

Illustrated notes

Levels and vault maps discovered:
D:1:      dpeg_chamrin_arrival_tetris, layout_loops_corners
D:2:      layout_basic, basic_altar, kennysheep_nondescript
D:3:      layout_basic, lightli_temple_of_fire, chequers_serial_rivers_micro_a,
          uniq_jessica
D:4:      minmay_spotlight, layout_basic, nicolae_ru_path_of_blood,
          minmay_temple_entry_glass, uniq_robin
D:5:      minmay_chambers_of_fours, layout_basic, mainiacjoe_overflow_alcove_4,
          kennysheep_mini_moat, nicolae_eternal_life, uniq_pikel
D:6:      layout_layer_cave, nemelex_xobeh_ov_fountains_minmay, uniq_edmund
D:7:      layout_layer_cave, nicolae_overflow_squiral
D:8:      layout_basic, nicolae_overflow_crystal_walls, dancing_weapons_uskayaw,
          due_lair_maze_entry_diamond, fungi_pond_lemuel,
          nicolae_kite_square_tiling_tiny, uniq_erica
Lair:1:   layout_roguey, minmay_holes, uniq_sonja
Lair:2:   layout_chaotic_city, minmay_snake_entry_guardpost_medium,
          dreamdust_mushroom_princess, grunt_megastairs_3
Lair:3:   layout_regular_city, swamp_mist, gauntlet_entry_generic,
          nicolae_volcano_entry_hallway
Gauntlet: gammafunk_gauntlet_one_two_three
          [gammafunk_gauntlet_arena_split_diamond,
          gammafunk_gauntlet_arena_mazey, nicolae_gauntlet_arena_flowing_pool,
          nicolae_gauntlet_arena_t_cross, gammafunk_gauntlet_arena_split_x,
          nicolae_gauntlet_arena_blocks, gammafunk_gauntlet_arena_crates,
          gammafunk_gauntlet_arena_chambers,
          minmay_gauntlet_arena_make_your_own_arena, gauntlet_exit_watery]

Skill      XL: |  1  2  3  4  5  6  7  8  9 10 11 |
---------------+----------------------------------+-----
Stealth        | 2 3 4 5 |  5.1
Conjurations   | 5 6 7 |  7.2
Dodging        | 2 3 4 |  4.9
Hexes          | 1 2 3 4 |  4.2
Fighting       | 1 2 3 4 5 |  5.1
Invocations    | 1 2 3 4 5 |  5.0
Spellcasting   | 3 4 5 |  5.8
Poison Magic   | 1 2 3 4 5 |  5.3
Throwing       | 1 2 3 |  3.8
Transmutations | 1 2 3 4 |  4.5
Fire Magic     | 1 2 3 4 |  4.2
Air Magic      | 1 2 3 4 |  4.0
Evocations     | 1 2 3 4 |  4.1
Short Blades   | 1 2 |  2.1
Necromancy     | 1 2 3 4 |  4.0
Maces & Flails | 1 3 4 |  4.6
Ice Magic      | 1 2 3 |  3.1
Unarmed Combat | |  0.9

Action                     |  1- 3 |  4- 6 |  7- 9 | 10-12 || total
---------------------------+-------+-------+-------+-------++-------
  Melee: Unarmed           |    12 |    11 |       |       ||    23
         Punch             |     1 |       |       |     9 ||    10
         Dagger            |       |     9 |    44 |       ||    53
         Tailslap          |       |       |    13 |    25 ||    38
         Flail             |       |       |    22 |   135 ||   157
  Throw: Dart              |       |     7 |    12 |     2 ||    21
         Throwing net      |       |       |       |     2 ||     2
   Cast: Magic Dart        |    21 |     7 |       |       ||    28
         Searing Ray       |    10 |    58 |     7 |     1 ||    76
         Ignite Poison     |       |     3 |    32 |    46 ||    81
 Invoke: Lesser Servant of |       |       |       |     3 ||     3
         Major Destruction |       |       |       |     1 ||     1
Ability: Breathe Noxious F |       |       |    28 |    24 ||    52
  Evoke: Wand              |       |       |     7 |     3 ||    10
    Use: Scroll            |     3 |     4 |     5 |     8 ||    20
         Potion            |     2 |       |       |     5 ||     7
   Stab: Sleeping          |       |     1 |       |     2 ||     3
         Confused          |       |       |       |     1 ||     1
         Invisible         |       |       |       |     1 ||     1
 Armour: Skin              |    13 |    17 |    22 |    74 ||   126
  Dodge: Dodged            |    36 |    39 |    64 |   147 ||   286
